 Dungeon Crawl Stone Soup version 0.30.1-3-gfc49f6343a (webtiles) character file.

Game seed: 10505805103811264568

12 spardeous the Insei (level 2, -2/22 HPs)
             Began as a Demigod Transmuter on July 28, 2023.
             Slain by a gnoll
             ... wielding a +0 spear
              (3 damage)
             ... on level 1 of the Dungeon.
             The game lasted 00:00:44 (215 turns).

spardeous the Insei (Demigod Transmuter)             Turns: 215, Time: 00:00:44

Health: -2/22      AC:  2    Str: 11    XL:     2   Next: 9%
Magic:  7/7        EV: 12    Int: 15    God:
Gold:   9          SH:  0    Dex: 14    Spells: 3/4 levels left

rFire   . . .        c - +0 short sword
rCold   . . .        (no shield)
rNeg    . . .        a - +0 robe
rPois   .            (helmet currently unavailable)
rElec   .            (no cloak)
rCorr   .            (no gloves)
SInv    .            (boots currently unavailable)
Will    .....        (no amulet)
Stlth   +            (no ring)
HPRegen 0.23/turn    (no ring)
MPRegen 0.10/turn

%: no passive effects
@: appendages (expiring)
A: horns 2, talons 2, high MP 1, forlorn, divine attributes
a: End Transformation


You were on level 1 of the Dungeon.
You had temporarily grown beastly horns and talons.
You visited 1 branch of the dungeon, and saw 1 of its levels.

You collected 9 gold pieces.

Inventory:

Hand Weapons
 c - a +0 short sword (weapon)
Armour
 a - a +0 robe (worn)
Potions
 b - a potion of lignification


   Skills:
 - Level 0.8 Fighting
 - Level 1.7 Dodging
 - Level 2.6 Unarmed Combat
 - Level 1.7 Spellcasting
 + Level 2.6 Transmutations


You had 3 spell levels left.
You knew the following spells:

 Your Spells              Type           Power      Damage    Failure   Level
a - Beastly Appendage     Tmut           18%        N/A       8%          1

Your spell library contained the following spells:

 Spells                   Type           Power      Damage    Failure   Level
 Wereblood                Tmut           9%         N/A       12%         2
 Spider Form              Tmut/Pois      5%         N/A       36%         3
 Ice Form                 Ice/Tmut       5%         N/A       78%         4


Dungeon Overview and Level Annotations

Branches:
Dungeon (1/15)


Innate Abilities, Weirdness & Mutations

You have temporarily grown beastly horns and talons.
You have an increased reservoir of magic. (+10% MP)
You shall have no god before yourself.
Your divine heritage dramatically boosts your attributes as you level up.


Message History

A gnoll is nearby!
You see here a +0 short sword.
c - a +0 short sword The gnoll shouts!
MP restored: 7 Health restored: 22 Your horns disappear.
Your talons disappear.
c - a +0 short sword (weapon)
Casting: Beastly Appendage (safe; 8% risk of failure)
Confirm with . or Enter, or press ? or * to list all spells.
You grow a pair of large bovine horns.
Your feet morph into talons.
You now have 6/7 mp.
The gnoll hits you from afar with a +0 spear.
You take 6 damage, and have 16/22 hp.
MASSIVE DAMAGE!!
The gnoll hits you with a +0 spear.
You take 3 damage, and have 13/22 hp.
You barely miss the gnoll.
You headbutt the gnoll, but do no damage.
The gnoll barely misses you.
You barely miss the gnoll. The gnoll hits you with a +0 spear.
You take 4 damage, and have 10/22 hp.
You closely miss the gnoll. The gnoll hits you with a +0 spear.
* * * LOW HITPOINT WARNING * * *
You take 6 damage, and have 4/22 hp.
MASSIVE DAMAGE!!
You hit the gnoll but do no damage. You claw the gnoll, but do no damage.
The gnoll misses you.
You hit the gnoll. You claw the gnoll.
The gnoll is moderately wounded.
The gnoll hits you with a +0 spear.
* * * LOW HITPOINT WARNING * * *
You take 3 damage, and have 1/22 hp.
MP restored: 7 You hit the gnoll.
Your headbutt misses the gnoll.
The gnoll is heavily wounded.
The gnoll barely misses you.
You hit the gnoll. Your kick misses the gnoll.
The gnoll is severely wounded.
Your transformation is almost over.
The gnoll hits you with a +0 spear.
You die...

+....## ##.## ##..# ###..#
#..# #..## . #..# #..##
##..#
#...##..#######..####..##
#.............##.##...##
#.............#...<.####
..............#######...
....#...#####.g........##
.#...#... #..@.........
.#...#...#####..#.........
.#...#####......#.........
.....# #..####.#......(..
..... ##.## #.#.........
....# ##..# ###.####.#####
....###..####......#...
.........).†.......#....
....#..######..)...# ....


You could see a gnoll.

Vanquished Creatures
  A ball python (D:1)
  2 endoplasms (D:1)
  A hobgoblin (D:1)
  3 jackals (D:1)
  2 goblins (D:1)
  A rat (D:1)
10 creatures vanquished.

Notes
Turn   | Place    | Note
-------+----------+-------------------------------------------
     0 | D:1      | spardeous the Demigod Transmuter began the quest for the
                  | Orb.
     0 | D:1      | Reached XP level 1. HP: 15/15 MP: 5/5
   183 | D:1      | Reached XP level 2. HP: 19/22 MP: 7/7
   213 | D:1      | HP: 1/22 [gnoll/+0 spear (4)]
   215 | D:1      | Slain by a gnoll

Illustrated notes

Levels and vault maps discovered:
D:1:      dpeg_arrival_round_b, layout_basic

Skill      XL: |  1 |
---------------+----+-----
Transmutations | 2 |  2.6
Fighting       | |  0.8
Dodging        | |  1.7
Unarmed Combat | |  2.6
Spellcasting   | |  1.7

Action                     || total
---------------------------++-------
  Melee: Unarmed           ||    29
         Kick              ||     8
         Headbutt          ||     7
         Short sword       ||     7
   Cast: Beastly Appendage ||     6
 Armour: Robe              ||     2
  Dodge: Dodged            ||    18
